Map: 凯罗斯中转站-天梯版

Players

Scarlett - Winner!

  • Race: Zerg Zerg
  • League: Diamond

Seventy

  • Race: Protoss Protoss
  • League: Diamond

Event: WESG 2018 Grand Finals

VOD

Have the link to the VOD?

Description

Time

  • Played on: March 12, 2019, 1:21 a.m.
  • Length: 3:48

All games in this series

Show
View Real Time Build Order
Export as new Build Order

Scarlett Zerg - Winner!

Build Orders: Hatch First 

Get SALT Encoding   

  12  0:00  Drone  
  13  0:12  Overlord  
  13  0:17  Drone  
  14  0:30  Drone x2  
  16  0:46  Drone x2  
  18  0:54  Hatchery  
  17  0:58  Drone  
  17  1:01  Extractor  
  17  1:13  Spawning Pool  
  17  1:16  Drone  
  17  1:20  Drone  
  18  1:29  Drone  
  19  1:38  Drone  
  20  1:50  Drone  
  21  2:00  Overlord, Queen, Extractor  
  22  2:01  Metabolic Boost  
  22  2:07  Queen  
  25  2:09  Zergling x2  
  26  2:16  Zergling x2  
  26  2:18  Zergling x2  
  28  2:28  Zergling x4  
  30  2:34  Hatchery  
  29  2:42  Zergling x4  
  31  2:46  Overlord  
  31  2:51  Zergling x2  
  32  2:56  Zergling x2  
  33  3:02  Zergling x2  
  33  3:05  Zergling x2  
  34  3:14  Zergling x8  
  34  3:16  Zergling x6  
  40  3:26  Zergling x4  
  42  3:30  Zergling x2  
Show
View Real Time Build Order
Export as new Build Order

Seventy Protoss 

Build Orders: 1 Gate Expand 

Get SALT Encoding   

  1  0:00  Probe  
  12  0:06  Probe  
  14  0:17  Pylon  
  14  0:21  Probe  
  15  0:35  Probe  
  16  0:39  Gateway  
  16  0:49  Assimilator  
  16  0:50  Probe  
  17  0:59  Probe  
  18  1:07  Probe  
  19  1:16  Probe  
  20  1:28  Probe  
  20  1:31  Nexus  
  21  1:40  Cybernetics Core  
  21  1:43  Probe  
  22  1:48  Pylon  
  22  1:54  Assimilator  
  22  1:56  Probe  
  23  2:07  Adept  
  23  2:09  Probe  
  26  2:23  Probe  
  27  2:35  Probe  
  28  2:40  Gateway  
  28  2:44  Stargate  
  28  2:45  Probe  
  28  2:47  Probe  
  28  2:49  Sentry  
  30  2:57  Probe  
  33  2:59  Probe  
  33  3:05  Probe  
  33  3:11  Probe  
  35  3:13  Probe  
  34  3:23  Probe  
Tags
 
Add a new tag
Caveats
  • Supply blocks, unpowered buildings, or Contaminate may cause inaccurate times.
  • Supply counts are checked every 10 seconds.